 Dungeon Crawl Stone Soup version 0.29-a0-557-g43b9904bd1 (webtiles) character file.

Game seed: 6701254926765266989

59 siradein the Skirmisher (level 3, -3/23 HPs)
             Began as a Vampire Fighter on June 8, 2022.
             Slain by Crazy Yiuf
             ... wielding a +4 quarterstaff of chaos
              (18 damage)
             ... on level 3 of the Dungeon.
             The game lasted 00:04:27 (2164 turns).

siradein the Skirmisher (Vampire Fighter)           Turns: 2164, Time: 00:04:27

Health: -3/23      AC:  5    Str: 15    XL:     3   Next: 78%
Magic:  12/12      EV: 10    Int: 10    God:
Gold:   139        SH:  5    Dex: 15    Spells: 2/2 levels left

rFire   . . .      SeeInvis +   a - +0 rapier
rCold   + + .      Faith    .   c - +0 buckler
rNeg    + + +      Spirit   .   t - +0 leather armour
rPois   ∞          Reflect  .   r - +0 helmet
rElec   .          Harm     .   (no cloak)
rCorr   .          Rampage  .   (no gloves)
Will    .....                   i - +0 pair of boots
Stlth   +++.......              (no amulet)
HPRegen 0.00/turn               f - ring of magical power
MPRegen 0.13/turn               (no ring)

@: bloodless, inhibited regen
A: bloodless, fangs 3, see invisible, vampiric 2
a: Bat Form, Revivify


You were on level 3 of the Dungeon.
You visited 1 branch of the dungeon, and saw 3 of its levels.

You collected 139 gold pieces.

Inventory:

Hand Weapons
 a - a +0 rapier (weapon)
Missiles
 g - 4 poisoned darts (quivered)
Armour
 c - a +0 buckler (worn)
 i - a +0 pair of boots (worn)
 r - a +0 helmet (worn)
 t - a +0 leather armour (worn)
Jewellery
 f - a ring of magical power (left hand)
Scrolls
 e - a scroll of blinking {unknown}
 h - 3 scrolls of teleportation {unknown}
 l - 2 scrolls of identify {unknown}
 o - a scroll of fog {unknown}
 p - a scroll of noise {unknown}
 q - a scroll of immolation {unknown}
 s - a scroll of enchant armour {unknown}
Potions
 d - a potion of might
 j - a potion of curing
 k - a potion of attraction {unknown}
 m - a potion of brilliance {unknown}
 n - 2 potions of resistance {unknown}


   Skills:
 + Level 3.2 Fighting
 + Level 2.9 Short Blades
 + Level 2.8 Armour
 + Level 0.1 Dodging
 + Level 3.1 Shields


You had 2 spell levels left.
You didn't know any spells.
Your spell library contained the following spells:

 Spells                   Type           Power      Damage    Failure   Level
 Call Canine Familiar     Summ           0%         N/A       88%         3
 Portal Projectile        Hex/Tloc       0%         N/A       88%         3
 Leda's Liquefaction      Hex/Erth       0%         N/A       99%         4


Dungeon Overview and Level Annotations

Branches:
Dungeon (3/15)

Altars:

Shops:
D:1 (

Annotations:
D:3 Crazy Yiuf


Innate Abilities, Weirdness & Mutations

You do not regenerate when monsters are visible.
You are frail without blood (-20% HP).
You can heal yourself when you bite living creatures.
You are immune to poison.
You have razor-sharp teeth.
You have supernaturally acute eyesight. (SInv)
You are afflicted with vampirism and can become a bat while bloodless.


Message History

You closely miss Crazy Yiuf.
Crazy Yiuf hits you with a +4 quarterstaff of chaos!
Crazy Yiuf burns you.
You are too injured to fight recklessly!
You are too injured to fight recklessly!
You are too injured to fight recklessly!
You are too injured to fight recklessly!
You hit Crazy Yiuf. Your bite misses Crazy Yiuf.
Crazy Yiuf is lightly wounded.
Crazy Yiuf closely misses you.
You hit Crazy Yiuf but do no damage.
Crazy Yiuf is lightly wounded.
Crazy Yiuf closely misses you.
You hit Crazy Yiuf but do no damage.
Crazy Yiuf is lightly wounded.
Crazy Yiuf closely misses you.
You barely miss Crazy Yiuf.
Crazy Yiuf is lightly wounded.
Crazy Yiuf closely misses you. Crazy Yiuf barely misses you.
You hit Crazy Yiuf.
Crazy Yiuf is moderately wounded.
Crazy Yiuf yells, "Snoogle cloud cower!"
Crazy Yiuf closely misses you.
You hit Crazy Yiuf. You bite Crazy Yiuf.
You draw Crazy Yiuf's blood!
You feel better.
Crazy Yiuf is heavily wounded.
You block Crazy Yiuf's attack.
You hit Crazy Yiuf but do no damage.
Crazy Yiuf is heavily wounded.
Crazy Yiuf completely misses you.
You barely miss Crazy Yiuf. You bite Crazy Yiuf.
You draw Crazy Yiuf's blood!
You feel better.
Crazy Yiuf is heavily wounded.
Crazy Yiuf drinks a potion.
Crazy Yiuf is healed!
You hit Crazy Yiuf but do no damage.
Crazy Yiuf is moderately wounded.
Crazy Yiuf screams, "Snower!"
Crazy Yiuf hits you with a +4 quarterstaff of chaos!!
Ouch! That really hurt!
You die...

######## ##########
.......# #........#
.......######........#
†...........+........#
.......>....#........#
.######.##..#........#
.#
###)##..#........####
.#
#...........@g.....(#
.#
#.#.##..###########.##
.## #.#.###..# #..#
..# # #.# #..# ##.#
#.# #.# #...# #.## #.#
..# #...# #..## #..
### #...# ##...# ##.#
#.... #....# .. ##..#
#....#


You could see Crazy Yiuf.

Vanquished Creatures
  An adder (D:2)
  A worm (D:2)
  2 dart slugs
  4 ball pythons
  3 bats
  2 endoplasms
  3 giant cockroaches
  3 goblins
  7 hobgoblins
  5 kobolds
  A quokka (D:1)
  3 frilled lizards
  5 rats
40 creatures vanquished.

Vanquished Creatures (others)
  A fungus (D:3)
1 creature vanquished.

Grand Total: 41 creatures vanquished

Notes
Turn   | Place    | Note
-------+----------+-------------------------------------------
     0 | D:1      | siradein the Vampire Fighter began the quest for the Orb.
     0 | D:1      | Reached XP level 1. HP: 17/17 MP: 1/1
    10 | D:1      | Found Vuularife's Antique Weapon Emporium.
   297 | D:1      | Reached XP level 2. HP: 18/18 MP: 2/2
  1146 | D:2      | Gained mutation: You are afflicted with vampirism and can
                  | become a bat while bloodless. [Vampire growth]
  1146 | D:2      | Reached XP level 3. HP: 21/23 MP: 3/3
  2115 | D:3      | Found a runed translucent door.
  2116 | D:3      | Noticed Crazy Yiuf
  2164 | D:3      | Slain by Crazy Yiuf

Illustrated notes

Levels and vault maps discovered:
D:1:      lightli_iron_boxes, layout_basic, serial_shops,
          nicolae_shop_competitors_out_of_business, minivault_4
D:2:      layout_rooms, hex_intersection
D:3:      minmay_general_purpose_star, layout_basic,
          nicolae_overflow_hidden_temple, uniq_crazy_yiuf_cottage

Skill      XL: |  1  2 |
---------------+-------+-----
Fighting       | 3 |  3.2
Shields        | 3 |  3.1
Short Blades   | |  2.9
Armour         | |  2.8
Dodging        | |  0.1

Action                   || total
-------------------------++-------
Melee: Rapier            ||   147
       Bite              ||    10
Throw: Dart              ||     1
 Abil: Exsanguinate      ||     1
 Stab: Sleeping          ||     7
Armor: Scale mail        ||    54
Dodge: Dodged            ||    58
Block: Buckler           ||    32

Table legend: (Time is in decaauts)
 A = Elapsed time spent in this place.
 B = Non-inter-level travel time spent in this place.
 C = Inter-level travel time spent in this place.
 D = Time resting spent in this place.
 E = Time spent auto-exploring this place.
 F = Levels seen in this place.
 G = Mean time per level.
                   A        B        C        D        E       F      G
               +--------+--------+--------+--------+--------+-----+--------+
         Total |   2179 |   2128 |     51 |     51 |   1649 |   3 |  726.3 |
       Dungeon |   2179 |   2128 |     51 |     51 |   1649 |   3 |  726.3 |
               +--------+--------+--------+--------+--------+-----+--------+

Top non-repeatable levels by time:
     D:1: 1070 daAuts
     D:2: 876 daAuts
     D:3: 232 daAuts
